[Event "Team 45 45 League T49"]
[Site "Internet Chess Club"]
[Date "2011.05.14"]
[Round "1"]
[White "imawesome"]
[Black "BigH"]
[Result "1-0"]
[WhiteElo "1679"]
[BlackElo "1818"]
[Opening "Bishop's opening: Berlin defense"]
[ECO "C24"]
[Time "14:03:58"]
[TimeControl "2700+45"]

1. e4 e5 2. Bc4 Nf6 3. d3 Nc6 4. Nc3 Bb4 5. Bg5 h6 6. Bxf6 Bxc3+ 7. bxc3 Qxf6 8.
Qd2 d6 9. Ne2 g5 10. d4 Ne7 11. f3 Ng6 12. Qe3 Nf4 13. Nxf4 gxf4 14. Qf2 Rg8 15.
O-O-O Be6 16. Bb3 a5 17. Ba4+ Ke7 18. d5 Bd7 19. Bxd7 Kxd7 20. Kd2 Rg6 21. Rhg1
Rag8 22. Kd3 Qg7 23. Rd2 Qf8 24. Qa7 b6 25. Qb7 Qa8 26. Qxa8 Rxa8 27. g4 fxg3
28. Rxg3 Rxg3 29. hxg3 Rg8 30. g4 Rg6 31. a4 Rf6 32. Rf2 Rf4 33. Ke3 Ke7 34. Rh2
Rf6 35. Rh5 Rg6 36. Rh1 Kd7 37. Kd3 Rf6 38. Rh3 Rg6 39. Ke2 Kd8 40. Kd3 Ke8 41.
Kc4 Ke7 42. Kb5 Kd7 43. Rh5 f6 44. Ka6 Ke7 45. Kb7 Kd7 46. Rh1 Kd8 47. c4 Kd7
48. c3 Kd8 49. c5 dxc5 50. d6 cxd6 51. Kxb6 Kd7 52. Kxa5 Rg8 53. Kb5 Rb8+ 54.
Kc4 Ra8 55. Kd5 Rxa4 56. Rxh6 Ra3 57. Rxf6 Rxc3 58. Rxd6+ Ke7 59. Re6+ Kf7 60.
Rxe5 Rc1 61. f4 c4 62. Kd4 c3 63. Rc5 c2 64. Ke5 Kg7 65. g5 Kg6 66. Rc6+ Kg7 67.
Kf5 Kg8 68. Kf6 {Black resigns} 1-0

[Event "Team 45 45 League T49"]
[Site "Internet Chess Club"]
[Date "2011.05.14"]
[Round "1"]
[White "Nakke"]
[Black "rook9999"]
[Result "1-0"]
[WhiteElo "1790"]
[BlackElo "1694"]
[Opening "Réti: King's Indian attack (Barcza system)"]
[ECO "A07"]
[Time "13:00:34"]
[TimeControl "2700+45"]

1. Nf3 d5 2. g3 Nf6 3. Bg2 c6 4. O-O e6 5. d3 Bd6 6. Bf4 Bxf4 7. gxf4 Nbd7 8.
Nc3 O-O 9. e3 Qc7 10. d4 b6 11. Kh1 Bb7 12. Ne5 c5 13. Nb5 Qb8 14. c3 a6 15. Na3
Kh8 16. Rg1 Qd8 17. Nac4 Qe7 18. Nd2 c4 19. Bf3 b5 20. Rg3 a5 21. Qf1 Rg8 22.
Qh3 b4 23. Bh5 g6 24. Bf3 Nxe5 25. fxe5 Nd7 26. Nxc4 bxc3 27. bxc3 Ba6 28. Nxa5
Bd3 29. Nc6 Qa3 30. Rgg1 Qxc3 31. Rgc1 Qb2 32. Qg3 Rxa2 33. Qg1 Rc8 34. Rxa2
Qxa2 35. Nb4 Rxc1 36. Nxa2 Rxg1+ 37. Kxg1 Kg7 38. Nb4 Bf5 39. Be2 Bh3 40. f3 f6
41. exf6+ Nxf6 42. Kf2 Kh6 43. Nc6 Kg5 44. Ba6 Kh4 45. Bc8 Bf5 46. Nd8 Kh3 47.
Kg1 g5 48. Bxe6 Bxe6 49. Nxe6 g4 50. Nf4+ Kh4 51. Kf2 gxf3 52. Kxf3 h5 53. h3
Kg5 54. Kg3 Ne4+ 55. Kg2 Nf6 56. Ne2 Kf5 57. Nc3 Kg5 58. Kg3 Kf5 59. h4 Ne4+ 60.
Nxe4 dxe4 61. d5 Ke5 62. d6 Kxd6 63. Kf4 Ke6 64. Kxe4 Kf6 65. Kf4 Kg6 66. Ke5
Kf7 67. Kf5 Kg7 68. Kg5 Kf7 69. Kxh5 Kf6 70. Kg4 Ke5 71. h5 {Black resigns} 1-0

[Event "Team 45 45 League T49"]
[Site "Internet Chess Club"]
[Date "2011.05.13"]
[Round "1"]
[White "zigzag2002"]
[Black "IanT"]
[Result "1-0"]
[WhiteElo "1703"]
[BlackElo "1359"]
[Opening "Vienna gambit"]
[ECO "C29"]
[Time "20:41:25"]
[TimeControl "2700+45"]

1. e4 e5 2. Nc3 Nf6 3. f4 d6 4. Bc4 Be6 5. Bxe6 fxe6 6. d3 Nc6 7. Nf3 Nd7 8. O-O
Be7 9. fxe5 dxe5 10. Be3 Bf6 11. Ne2 O-O 12. c3 Qe7 13. Qc2 Rad8 14. d4 a6 15.
Rad1 Nb6 16. b3 Rd7 17. Rd2 Rfd8 18. Rfd1 Rd6 19. a4 a5 20. c4 R6d7 21. Kh1 exd4
22. Nexd4 Nxd4 23. Nxd4 Qc5 24. Nf5 Qc6 25. Nd4 Qc5 26. Nxe6 Rd4 27. Nxc5 Rxd2
28. Rxd2 Rxd2 29. Qxd2 Kf7 30. Nd7 Kg6 31. e5 Be7 32. Qd3+ {Black resigns} 1-0

[Event "Team 45 45 League T49"]
[Site "Internet Chess Club"]
[Date "2011.05.15"]
[Round "1"]
[White "dabodhi"]
[Black "Mymas"]
[Result "0-1"]
[WhiteElo "1196"]
[BlackElo "1488"]
[Opening "Sicilian: dragon variation"]
[ECO "B70"]
[Time "18:00:14"]
[TimeControl "2700+45"]

1. e4 c5 2. Nf3 d6 3. d4 cxd4 4. Nxd4 Nf6 5. Nc3 g6 6. h3 Bg7 7. Ndb5 Bd7 8. Bc4
O-O 9. Bg5 Nc6 10. Qd2 a6 11. Nd4 Rc8 12. Bb3 Qb6 13. Be3 Nxd4 14. Bxd4 Qc7 15.
Bxf6 Bxf6 16. Nd5 Qc5 17. c3 Bc6 18. Qe3 Qxe3+ 19. Nxe3 Bxe4 20. O-O Rfd8 21.
Ng4 Bf5 22. Nh6+ Kg7 23. Nxf5+ gxf5 24. Rfe1 Rc5 25. Bc2 e6 26. Rad1 Re5 27. Rf1
Re2 28. Bd3 Rxb2 29. Rb1 Rxb1 30. Rxb1 b5 31. c4 bxc4 32. Bxc4 a5 33. Rb3 d5 34.
Rg3+ Kf8 35. Bb5 Rb8 36. Rb3 d4 37. a4 Be5 38. Rb1 Rd8 39. Rd1 Bf4 40. g3 Bh6
41. f4 f6 42. Bc4 e5 43. fxe5 fxe5 44. Rb1 d3 45. Rb7 Ke8 46. Bb5+ Kf8 47. Rxh7
d2 48. Rh8+ Ke7 49. Rh7+ Kf6 50. Be2 d1=Q+ 51. Bxd1 Rxd1+ 52. Kf2 Kg6 53. Re7 e4
54. Re6+ Kh5 55. Ke2 Rd2+ 56. Ke1 e3 57. Re5 Kg6 58. Re6+ Kg5 59. Rxe3 Ra2 60.
Re5 Rxa4 61. g4 Re4+ 62. Rxe4 fxe4 63. Kf2 a4 {White resigns} 0-1

[Event "Team 45 45 League T49"]
[Site "Internet Chess Club"]
[Date "2011.05.15"]
[Round "1"]
[White "zepled37"]
[Black "kidviper"]
[Result "0-1"]
[WhiteElo "1617"]
[BlackElo "1921"]
[Opening "French: advance, Paulsen attack"]
[ECO "C02"]
[Time "13:16:05"]
[TimeControl "2700+45"]

1. e4 e6 2. d4 d5 3. e5 c5 4. c3 Nc6 5. Nf3 Qb6 6. Be2 cxd4 7. cxd4 Nh6 8. Nc3
Nf5 9. Na4 Qa5+ 10. Bd2 Bb4 11. Bc3 b5 12. a3 Bxc3+ 13. Nxc3 b4 14. axb4 Qxb4
15. Bb5 Bd7 16. Bxc6 Bxc6 17. Qd2 O-O 18. O-O Rfb8 19. Rfb1 a5 20. Qd1 a4 21.
Ne2 Bb5 22. Ng3 Ne7 23. h3 Nc6 24. Kh2 Na5 25. Ng5 h6 26. Nf3 Nb3 27. Ra3 Rc8
28. Qe1 Qe7 29. Qe3 Rc4 30. Nf1 Na5 31. N1d2 Rb4 32. b3 Rxb3 33. Raxb3 axb3 34.
Nxb3 Nc4 35. Qc1 Ra2 36. Qe1 Na3 37. Rc1 Bc4 38. Nc5 Nb5 39. Rd1 Nxd4 40. Nxd4
Qxc5 41. Rd2 Qa5 42. Rd1 Qxe1 43. Rxe1 Rxf2 44. Kg3 Rd2 45. Nf3 Re2 46. Ra1 Ra2
47. Re1 Bd3 48. Rc1 Be4 49. Rc8+ Kh7 50. Rc7 Bxf3 51. gxf3 Kg6 52. h4 h5 53. Rd7
Rd2 54. Kf4 Rd1 55. Rd6 Rh1 56. Kg3 Kf5 57. Rd7 f6 58. exf6 gxf6 59. Rh7 Kg6 60.
Rd7 Rd1 61. f4 Rd3+ 62. Kg2 Kf5 63. Rh7 Kg4 64. Rh6 Rd2+ 65. Kf1 Rd4 66. Rg6+
Kf3 67. Ke1 Rxf4 {White resigns} 0-1

[Event "Team 45 45 League T49"]
[Site "Internet Chess Club"]
[Date "2011.05.15"]
[Round "1"]
[White "Achelous"]
[Black "bmw2002"]
[Result "1-0"]
[WhiteElo "1670"]
[BlackElo "1563"]
[Opening "Caro-Kann: anti-Caro-Kann defense"]
[ECO "B10"]
[Time "20:06:18"]
[TimeControl "2700+45"]

1. e4 c6 2. c4 e5 3. Nf3 d6 4. Nc3 Nf6 5. Be2 Be6 6. d4 exd4 7. Nxd4 Nbd7 8.
Nxe6 fxe6 9. Qb3 Nc5 10. Qc2 Be7 11. O-O Qc7 12. Be3 d5 13. cxd5 cxd5 14. Bb5+
Kf7 15. exd5 exd5 16. Qd2 Rhd8 17. Rac1 Qe5 18. Bd4 Qh5 19. Rfe1 Bd6 20. h3 Nce4
21. Nxe4 Nxe4 22. Qc2 Qf5 23. Re3 Kg8 24. Rf3 Qe6 25. Qe2 Rac8 26. Re1 Bb4 27.
Rd1 Qg6 28. Bd3 Re8 29. Re3 Qc6 30. Qg4 {Black forfeits on time} 1-0

[Event "Team 45 45 League T49"]
[Site "Internet Chess Club"]
[Date "2011.05.15"]
[Round "1"]
[White "BrerRabbit"]
[Black "BaumDeezy"]
[Result "0-1"]
[WhiteElo "1537"]
[BlackElo "1516"]
[Opening "English: Neo-Catalan declined"]
[ECO "A14"]
[Time "19:10:41"]
[TimeControl "2700+45"]

1. c4 Nf6 2. g3 e6 3. Bg2 d5 4. Nf3 Be7 5. O-O O-O 6. b3 c5 7. Bb2 Nc6 8. e3 Qb6
9. d3 Rd8 10. Nbd2 a5 11. Rb1 Nb4 12. Qe2 Nxa2 13. Ra1 Nb4 14. Ne5 Nd7 15. Nef3
Bf6 16. Bxf6 Nxf6 17. Ne5 Qd6 18. Ndf3 Nd7 19. Nxd7 Bxd7 20. Rfd1 Bc6 21. d4
dxc4 22. bxc4 Qe7 23. Rd2 Qf6 24. Rad1 cxd4 25. exd4 Rac8 26. Ne5 Bxg2 27. Kxg2
Nc6 28. Nxc6 Rxc6 29. d5 exd5 30. cxd5 Rcd6 31. Qb5 b6 32. Rc2 Qf5 33. Rc6 h6
34. Rxb6 Rxb6 35. Qxa5 Qe4+ 36. Kg1 Rbd6 37. Re1 Qxd5 {White resigns} 0-1

[Event "Team 45 45 League T49"]
[Site "Internet Chess Club"]
[Date "2011.05.14"]
[Round "1"]
[White "kingsrook"]
[Black "AlPearson"]
[Result "0-1"]
[WhiteElo "1274"]
[BlackElo "1415"]
[Opening "King's Indian: East Indian defense"]
[ECO "A48"]
[Time "10:02:14"]
[TimeControl "2700+45"]

1. d4 Nf6 2. Nf3 g6 3. e3 Bg7 4. c4 d6 5. Nc3 O-O 6. Bd3 Nbd7 7. O-O e5 8. dxe5
Nxe5 9. Nxe5 dxe5 10. e4 Be6 11. Bg5 Qd4 12. Be3 Qd7 13. Qe2 Rfd8 14. Rad1 Ng4
15. Bg5 Bf6 16. Bc1 Bg7 17. Bg5 f6 18. Bh4 g5 19. Bg3 h5 20. f3 h4 21. Be1 Nh6
22. h3 Qe8 23. Nd5 Qf7 24. Bb4 Bf8 25. Bd2 Rd7 26. b3 Rad8 27. Bc1 Kh8 28. Kh1
Ng8 29. a4 Ne7 30. Ba3 Nc6 31. Bxf8 Qxf8 32. Bc2 Nd4 33. Qf2 c6 34. Ne3 Qb4 35.
Qd2 Qxd2 36. Rxd2 Nxc2 37. Rxd7 Rxd7 38. Nxc2 Rd2 39. Rc1 Kg7 40. Kg1 Kf7 41.
Kf1 Ke7 42. Ne1 Kd6 43. Rc2 Rxc2 44. Nxc2 Kc5 45. Ke2 b5 46. axb5 cxb5 47. Ne3
bxc4 48. bxc4 Bxc4+ 49. Nxc4 Kxc4 50. Kd2 Kd4 51. Ke2 a5 52. Kd2 a4 {White
resigns} 0-1

[Event "Team 45 45 League T49"]
[Site "Internet Chess Club"]
[Date "2011.05.15"]
[Round "1"]
[White "spacecadet"]
[Black "Justi"]
[Result "0-1"]
[WhiteElo "2095"]
[BlackElo "2148"]
[Opening "Sicilian: Najdorf, 7.f4"]
[ECO "B96"]
[Time "19:55:04"]
[TimeControl "2700+45"]

1. e4 c5 2. Nf3 d6 3. d4 cxd4 4. Nxd4 Nf6 5. Nc3 a6 6. Bg5 e6 7. f4 Qc7 8. Qf3
Nc6 9. O-O-O Be7 10. g4 Bd7 11. Bg2 Rc8 12. Nxc6 Bxc6 13. Bxf6 Bxf6 14. g5 Be7
15. h4 b5 16. Rd2 Bb7 17. Qg4 b4 18. Ne2 Qa5 19. Rd3 Qxa2 20. Nd4 Qa1+ 21. Kd2
Qxb2 22. Rc1 O-O 23. h5 Rc3 24. Qh3 Rfc8 25. g6 Rxd3+ 26. Qxd3 Rc3 27. gxf7+
Kxf7 28. Qf1 Rc5 29. Qf2 Rc4 30. Ne2 b3 31. f5 Rxc2+ 32. Rxc2 Qxc2+ 33. Ke1 Qb1+
34. Kd2 Bg5+ 35. Kc3 Qc2+ 36. Kb4 Bd2+ {White resigns} 0-1

[Event "Team 45 45 League T49"]
[Site "Internet Chess Club"]
[Date "2011.05.15"]
[Round "1"]
[White "jorobo"]
[Black "Cryptochess"]
[Result "1-0"]
[WhiteElo "1983"]
[BlackElo "2091"]
[Opening "Pirc: Austrian attack, dragon formation"]
[ECO "B09"]
[Time "12:03:48"]
[TimeControl "2700+45"]

1. e4 d6 2. d4 Nf6 3. Nc3 g6 4. f4 Bg7 5. Nf3 c5 6. Bb5+ Bd7 7. e5 Ng4 8. h3
Bxb5 9. Nxb5 dxe5 10. hxg4 Qa5+ 11. c3 e4 12. Qe2 exf3 13. Nd6+ Kf8 14. Qxf3
exd6 15. Qxb7 Bxd4 16. Qxa8 Kg7 17. Qf3 c4 18. Kf1 Re8 19. Bd2 Bb6 20. Qh3 Qd5
21. Qxh7+ Kf6 22. Qh4+ Ke6 23. Re1+ Kd7 24. Rxe8 Kxe8 25. Qe1+ Kd7 26. Qe2 Na6
27. Rh8 Nc7 28. Be1 Ne6 29. g3 Kc7 30. Bf2 Bxf2 31. Kxf2 Nc5 32. Qe7+ Kb6 33.
Qe3 Ka6 34. Re8 Nd3+ 35. Kg1 Nc5 36. Qe2 Kb6 37. Re7 f5 38. gxf5 gxf5 39. Qe3
Kb5 40. Qd4 Qg8 41. Qg7 Qd5 42. Qd4 Qg8 43. Kg2 Qa8+ 44. Kh2 Qc6 45. Rxa7 d5 46.
b4 Na6 47. a4+ Kxa4 48. Qc5 Qxc5 49. bxc5 Kb5 50. c6 Kb6 51. Rf7 d4 52. cxd4 c3
53. c7 Nxc7 54. Rxf5 Ne6 55. Rf6 {Black resigns} 1-0

[Event "Team 45 45 League T49"]
[Site "Internet Chess Club"]
[Date "2011.05.12"]
[Round "1"]
[White "DARKwizard1"]
[Black "cesaralexander"]
[Result "1-0"]
[WhiteElo "1966"]
[BlackElo "1898"]
[Opening "French: King's Indian attack"]
[ECO "C00"]
[Time "16:47:39"]
[TimeControl "2700+45"]

1. e4 e6 2. d3 d5 3. Nd2 Nf6 4. e5 Nfd7 5. f4 c5 6. Ngf3 Nc6 7. g3 b6 8. Bh3 g6
9. b3 Bb7 10. Bb2 d4 11. O-O Nb4 12. a3 Nd5 13. Rf2 h5 14. Nf1 Be7 15. Qd2 Rg8
16. Bg2 b5 17. h4 N7b6 18. Re1 a5 19. Ng5 Qc7 20. Ne4 Kf8 21. Kh2 Kg7 22. Bf3 b4
23. a4 Bf8 24. g4 hxg4 25. Bxg4 Be7 26. Kg3 Rh8 27. Rh2 Rh6 28. Ng5 Qc6 29. Bc1
Rah8 30. Qf2 Nd7 31. Nf3 R6h7 32. Ng5 Rh6 33. Bf3 Qc8 34. h5 Qb8 35. Rh4 gxh5
36. Bxd5 Bxd5 37. Kh3 f5 38. exf6+ Rxf6 39. Ng3 Rfh6 40. f5 Qf8 41. Qe2 e5 42.
Rf1 Nf6 43. Qxe5 Bd6 44. Ne6+ Bxe6 45. Bxh6+ Rxh6 46. Qxe6 Be7 47. Rg1 Kh7 48.
Qe2 Qc8 49. Qxe7+ {Black resigns} 1-0

[Event "Team 45 45 League T49"]
[Site "Internet Chess Club"]
[Date "2011.05.16"]
[Round "1"]
[White "azbycx"]
[Black "gerailen0075"]
[Result "0-1"]
[WhiteElo "1795"]
[BlackElo "1908"]
[Opening "Queen's pawn game"]
[ECO "D02"]
[Time "20:00:57"]
[TimeControl "2700+45"]

1. d4 d5 2. Nf3 c6 3. g3 Nf6 4. Bg2 Bf5 5. O-O Nbd7 6. b3 e6 7. Bb2 Be7 8. Nbd2
O-O 9. Re1 Ne4 10. Ne5 f6 11. Nxd7 Qxd7 12. f3 Nxd2 13. Qxd2 a5 14. a4 Bg6 15.
Ba3 Bxa3 16. Rxa3 Qd6 17. Ra2 f5 18. f4 Qb4 19. Qd1 Bh5 20. Bf3 g6 21. Kf2 Bg4
22. Bg2 g5 23. h3 gxf4 24. gxf4 Qd6 25. Qd2 Bh5 26. Rg1 Kf7 27. Bf3 Bxf3 28.
Kxf3 Qd8 29. Qe1 Qf6 30. Qf2 Qh6 31. h4 Rg8 32. Rg5 Rxg5 33. hxg5 Qh3+ 34. Qg3
Qf1+ 35. Qf2 Qh3+ 36. Qg3 Qh1+ 37. Qg2 Qb1 38. Qh2 Ke7 39. Qxh7+ Kd6 40. Ra3
Qf1+ 41. Kg3 Qxe2 42. b4 Qg4+ 43. Kf2 Qxf4+ 44. Rf3 Qxd4+ 45. Kg2 Rh8 46. Qxb7
Qg4+ 47. Kf2 Rh2+ 48. Ke1 Qg1+ {White resigns} 0-1

[Event "Team 45 45 League T49"]
[Site "Internet Chess Club"]
[Date "2011.05.16"]
[Round "1"]
[White "JustinSane"]
[Black "bogolijubov"]
[Result "1/2-1/2"]
[WhiteElo "2008"]
[BlackElo "1831"]
[Opening "Grünfeld with Bf4 & e3"]
[ECO "D93"]
[Time "17:08:06"]
[TimeControl "2700+45"]

1. d4 Nf6 2. c4 g6 3. Nc3 d5 4. Nf3 Bg7 5. Bf4 O-O 6. e3 c5 7. cxd5 Nxd5 8. Be5
Qa5 9. Bc4 Nxc3 10. Qd2 Nc6 11. Bxg7 Kxg7 12. bxc3 cxd4 13. cxd4 Bf5 14. O-O
Qxd2 15. Nxd2 Na5 16. Be2 Rac8 17. Rfc1 Rfd8 18. Kf1 Be6 19. Ke1 a6 20. Ne4
Rxc1+ 21. Rxc1 Bxa2 22. Rc7 Bd5 23. Nc5 Bxg2 24. Rxe7 Rc8 25. f3 Bh3 26. Kf2 Kf6
27. Re5 Nc6 28. Ne4+ Kg7 29. Rc5 Ne7 30. Rxc8 Nxc8 31. Nc5 Nd6 32. e4 f6 33. e5
fxe5 34. dxe5 Nf7 35. Nxb7 Nxe5 36. Bxa6 {Game drawn by mutual agreement}
1/2-1/2

[Event "Team 45 45 League T49"]
[Site "Internet Chess Club"]
[Date "2011.05.11"]
[Round "1"]
[White "spunni"]
[Black "Malcolm"]
[Result "1/2-1/2"]
[WhiteElo "1864"]
[BlackElo "1716"]
[Opening "Scandinavian (center counter) defense"]
[ECO "B01"]
[Time "12:23:43"]
[TimeControl "2700+45"]

1. e4 d5 2. exd5 Qxd5 3. Nc3 Qa5 4. Bc4 Nf6 5. d3 Bg4 6. f3 Bd7 7. Bd2 Qb6 8.
Qe2 Nc6 9. O-O-O Nd4 10. Qe5 e6 11. Ne4 Nxe4 12. dxe4 f6 13. Qa5 Bc5 14. Ne2
Nxe2+ 15. Bxe2 O-O-O 16. Qxb6 Bxb6 17. e5 c6 18. Bc3 Rhf8 19. Bc4 h5 20. Rhe1 f5
21. Bd2 Bf2 22. Rf1 Bh4 23. Bb4 Rf7 24. f4 Be7 25. Bxe7 Rxe7 26. Rd6 a5 27. a4
Kc7 28. Rfd1 Ree8 29. Be2 g6 30. R1d3 Bc8 31. Rxd8 Rxd8 32. Rg3 Rd4 33. b3 Rxf4
34. Rxg6 Re4 35. Rg7+ Kb6 36. Bxh5 Rh4 37. Bf3 Rxh2 38. Kd2 Rh4 39. c3 Rh1 40.
b4 Rh4 41. bxa5+ Kxa5 42. Rg8 Bd7 43. Rg7 Bc8 44. Rg8 Bd7 45. Rd8 Rh7 46. Kd3 c5
47. Kc4 Kb6 48. a5+ Kc7 49. Rg8 Rh4+ 50. Kxc5 Ra4 51. Rg7 Rxa5+ 52. Kd4 Ra4+ 53.
c4 b5 54. Be2 bxc4 55. Bxc4 Kc6 56. Kc3 Ra8 57. Be2 Rb8 58. Bc4 Ra8 59. Rg6 Rb8
60. Rg7 Ra8 {Game drawn by repetition} 1/2-1/2

[Event "Team 45 45 League T49"]
[Site "Internet Chess Club"]
[Date "2011.05.13"]
[Round "1"]
[White "fileman"]
[Black "perikitosax"]
[Result "0-1"]
[WhiteElo "1899"]
[BlackElo "1990"]
[Opening "Richter-Veresov attack, Richter variation"]
[ECO "D01"]
[Time "15:21:42"]
[TimeControl "2700+45"]

1. d4 Nf6 2. Nc3 d5 3. Bg5 Bf5 4. f3 c6 5. Qd2 Nbd7 6. O-O-O e6 7. Re1 Bb4 8. a3
Bxc3 9. Qxc3 Qb6 10. e3 O-O 11. Ne2 Rfc8 12. g4 Bg6 13. Nf4 c5 14. Nxg6 hxg6 15.
dxc5 Rxc5 16. Qb4 Qc7 17. c3 a5 18. Qb3 b5 19. Bxb5 a4 20. Bxa4 Rb8 21. Qc2 Nb6
22. Bb3 Rb5 23. Ba2 Nc4 24. Bxc4 dxc4 25. Bxf6 Rxb2 26. Qxb2 Rxb2 27. Kxb2 Qb7+
28. Kc1 gxf6 29. e4 Qb3 30. Re3 Qxa3+ 31. Kb1 Qb3+ 32. Kc1 Qa2 33. Rhe1 Qxh2 34.
Rd1 Qa2 35. Rd8+ Kg7 36. Rd2 Qa1+ 37. Kc2 e5 38. Rde2 Kh6 39. Rh2+ Kg5 40. Rhe2
Kf4 41. Re1 Qa2+ 42. Kc1 Qa7 43. Kd2 Qb6 44. R1e2 Qd6+ 45. Kc2 Qa3 46. Kd2 Qb2+
47. Kd1 Qb6 48. Kd2 Qd8+ 49. Kc2 Qd7 50. Kc1 Qd6 51. Kc2 Qa3 52. Kd1 Qa1+ 53.
Kc2 Qa7 54. Kd2 Qb6 55. Re1 Qc5 56. R1e2 Qd6+ 57. Kc1 Qa3+ 58. Kc2 Qa2+ 59. Kc1
Qa1+ 60. Kc2 Qa5 61. Kc1 f5 62. exf5 gxf5 63. gxf5 Kxf5 64. Rxe5+ Qxe5 65. Rxe5+
Kxe5 66. Kd2 Kf4 67. Ke2 Kg3 68. Ke3 f5 69. f4 Kg4 70. Kd4 Kxf4 71. Kxc4 Ke4 72.
Kb5 f4 73. c4 f3 74. c5 f2 75. c6 f1=Q+ 76. Kb6 Qb1+ 77. Ka7 Qa2+ 78. Kb6 Qb3+
79. Ka6 Qb8 {White resigns} 0-1

[Event "Team 45 45 League T49"]
[Site "Internet Chess Club"]
[Date "2011.05.14"]
[Round "1"]
[White "CapitanTrueno"]
[Black "LoseOften"]
[Result "1-0"]
[WhiteElo "1774"]
[BlackElo "1841"]
[Opening "Sicilian: Alapin's variation (2.c3)"]
[ECO "B22"]
[Time "14:32:44"]
[TimeControl "2700+45"]

1. e4 c5 2. c3 Nf6 3. e5 Nd5 4. Nf3 Nc6 5. d4 cxd4 6. cxd4 d6 7. Bc4 Nb6 8. Bb3
Bf5 9. O-O e6 10. Nc3 Be7 11. h3 O-O 12. Be3 Rc8 13. Rc1 Nd7 14. exd6 Bxd6 15.
d5 exd5 16. Qxd5 Nde5 17. Nxe5 Bxe5 18. Rfd1 Qf6 19. Qf3 Qg6 20. Bd5 Rfd8 21.
Bxc6 bxc6 22. Bxa7 Bc2 23. Rxd8+ Rxd8 24. Qe2 Bxc3 25. Qxc2 Qxc2 26. Rxc2 Be5
27. g3 Rc8 28. Be3 g6 29. b4 f5 30. b5 Kf7 31. Rxc6 Rxc6 32. bxc6 Ke6 33. Bf4
Bxf4 34. gxf4 Kd6 35. Kg2 Kxc6 36. Kf3 Kb5 37. Ke3 Kc4 38. h4 Kc3 39. a4 Kb4 40.
Kd4 Kxa4 41. Ke5 Kb4 42. Kf6 Kc4 43. Kg7 Kd4 44. Kxh7 Ke4 45. Kxg6 Kxf4 46. h5
Kg4 47. h6 f4 48. h7 Kf3 49. Kf5 {Black resigns} 1-0

[Event "Team 45 45 League T49"]
[Site "Internet Chess Club"]
[Date "2011.05.15"]
[Round "1"]
[White "Tobiasdelmonte"]
[Black "playwaycool"]
[Result "0-1"]
[WhiteElo "1920"]
[BlackElo "2070"]
[Opening "QGD semi-Slav"]
[ECO "D43"]
[Time "23:00:09"]
[TimeControl "2700+45"]

1. d4 d5 2. c4 c6 3. Nf3 Nf6 4. Nc3 e6 5. Bf4 dxc4 6. a4 Bb4 7. e3 b5 8. Be2 Nd5
9. Qc2 Nxf4 10. exf4 h6 11. O-O Bxc3 12. bxc3 a6 13. Ne5 O-O 14. Bf3 Bb7 15. Qb2
Qc7 16. Rfb1 Ra7 17. axb5 cxb5 18. Bxb7 Rxb7 19. Qb4 Rc8 20. g3 Nc6 21. Qa3 Rb6
22. Qa5 Nxa5 {White resigns} 0-1

[Event "Team 45 45 League T49"]
[Site "Internet Chess Club"]
[Date "2011.05.13"]
[Round "1"]
[White "ChessAuthor"]
[Black "GreatBendini"]
[Result "0-1"]
[WhiteElo "1727"]
[BlackElo "1890"]
[Opening "Réti accepted"]
[ECO "A09"]
[Time "22:30:32"]
[TimeControl "2700+45"]

1. Nf3 d5 2. c4 dxc4 3. e3 Nf6 4. Bxc4 Nc6 5. Nc3 a6 6. a4 Bf5 7. d4 e6 8. O-O
Bd6 9. Re1 Bb4 10. Bd2 O-O 11. h3 h6 12. Rc1 Re8 13. Qb3 Qe7 14. Ne5 Na5 15. Qa2
Nxc4 16. Qxc4 Rad8 17. Red1 Bd6 18. f3 c5 19. Kf2 cxd4 20. exd4 Nd7 21. Nxd7
Rxd7 22. Ne4 Bxe4 23. fxe4 Qh4+ 24. Kf3 Qg3+ 25. Ke2 Qxg2+ 26. Kd3 Rc7 27. Qa2
Qf3+ 28. Be3 Bf4 {White resigns} 0-1

[Event "Team 45 45 League T49"]
[Site "Internet Chess Club"]
[Date "2011.05.15"]
[Round "1"]
[White "GUNSMOKE"]
[Black "Gilguli"]
[Result "1-0"]
[WhiteElo "1735"]
[BlackElo "1500"]
[Opening "English opening"]
[ECO "A10"]
[Time "14:30:23"]
[TimeControl "2700+45"]

1. c4 b6 2. Nc3 Bb7 3. e3 Nc6 4. Nf3 Nf6 5. d4 g6 6. Be2 Bg7 7. O-O e6 8. d5
exd5 9. cxd5 Ne7 10. e4 a5 11. Bb5 Ba6 12. Bxa6 Rxa6 13. Bg5 O-O 14. e5 b5 15.
d6 Nf5 16. exf6 Bxf6 17. dxc7 Qe7 18. Re1 Re6 19. Bxf6 Qxf6 20. Nd5 Qxb2 21.
Rxe6 fxe6 22. Nb6 Ne7 23. Nxd7 Rc8 24. Rc1 Nd5 25. Qe1 Kf7 26. Ng5+ Ke7 27.
Qxe6# {Black checkmated} 1-0

[Event "Team 45 45 League T49"]
[Site "Internet Chess Club"]
[Date "2011.05.17"]
[Round "1"]
[White "cityprosecutor"]
[Black "SlimeDog2"]
[Result "0-1"]
[WhiteElo "1760"]
[BlackElo "2050"]
[Opening "Sicilian defense"]
[ECO "B20"]
[Time "21:09:20"]
[TimeControl "2700+45"]

1. e4 c5 2. d3 Nc6 3. g3 g6 4. Bg2 Bg7 5. h4 e6 6. h5 d5 7. Nd2 Nge7 8. hxg6
hxg6 9. Rxh8+ Bxh8 10. Ngf3 b6 11. Qe2 Bb7 12. c3 Qd7 13. Nf1 O-O-O 14. Bg5 f6
15. Bd2 f5 16. Ng5 dxe4 17. dxe4 Ne5 18. O-O-O Qa4 19. Kb1 Ba6 20. Qe1 Bd3+ 21.
Ka1 Bc4 {White resigns} 0-1

[Event "Team 45 45 League T49"]
[Site "Internet Chess Club"]
[Date "2011.05.17"]
[Round "1"]
[White "dacarrelli"]
[Black "dschesq"]
[Result "1-0"]
[WhiteElo "1645"]
[BlackElo "1694"]
[Opening "Sicilian defense"]
[ECO "B40"]
[Time "11:01:06"]
[TimeControl "2700+45"]

1. e4 c5 2. Nf3 e6 3. c3 d5 4. e5 d4 5. Na3 a6 6. cxd4 cxd4 7. Qa4+ Bd7 8. Qxd4
Nc6 9. Qg4 Nh6 10. Qe4 Nf5 11. Nc4 b5 12. Ne3 Nxe3 13. fxe3 Rc8 14. a3 Na5 15.
Qd3 Be7 16. Be2 Qc7 17. O-O Nc4 18. Qe4 Bc6 19. Qf4 f5 20. exf6 Qxf4 21. exf4
gxf6 22. Nd4 Bd5 23. d3 Nb6 24. b4 e5 25. fxe5 fxe5 26. Bh5+ Kd7 27. Bg4+ Ke8
28. Bxc8 exd4 29. Bg4 h5 30. Bf3 Bb3 31. Bb2 Nd5 32. Bxd4 Rh6 33. Rae1 Kd7 34.
Re5 Nf4 35. Bd1 Bxd1 36. Rxf4 Bb3 37. Bc5 Bf6 38. Ref5 Bd8 39. Rd4+ Ke6 40. Rd6+
Kxf5 41. Rxh6 Kg5 42. Rxa6 h4 43. Ra7 Kg4 44. Rb7 Bc2 45. Be7 Bxe7 46. Rxe7 Bxd3
47. Kf2 Bc4 48. Re4+ Kg5 49. Rxc4 bxc4 50. b5 c3 51. Ke2 {Black resigns} 1-0

[Event "Team 45 45 League T49"]
[Site "Internet Chess Club"]
[Date "2011.05.12"]
[Round "1"]
[White "Kawasaki"]
[Black "Rubikon81"]
[Result "0-1"]
[WhiteElo "1565"]
[BlackElo "1710"]
[Opening "Réti opening"]
[ECO "A05"]
[Time "17:00:53"]
[TimeControl "2700+45"]

1. Nf3 Nf6 2. Nc3 d5 3. d4 e6 4. Bg5 Bb4 5. a3 Bxc3+ 6. bxc3 c5 7. c4 Nc6 8.
cxd5 exd5 9. e3 Qa5+ 10. Qd2 Qxd2+ 11. Kxd2 Ne4+ 12. Ke1 cxd4 13. exd4 Nxg5 14.
Nxg5 Nxd4 15. Kd2 h6 16. Nf3 Nxf3+ 17. gxf3 Ke7 18. Re1+ Kd6 19. Rg1 g6 20. Bd3
Be6 21. Rb1 b6 22. Rge1 Rac8 23. Rb4 Rc7 24. h4 Rhc8 25. Rd4 Rc3 26. a4 Bf5 27.
Rc1 Bxd3 28. Rxd3 R3c4 29. a5 bxa5 30. Ra3 a4 31. c3 Rxh4 32. Rca1 Rcc4 {White
resigns} 0-1

[Event "Team 45 45 League T49"]
[Site "Internet Chess Club"]
[Date "2011.05.15"]
[Round "1"]
[White "BotanicalKnight"]
[Black "jps7"]
[Result "1-0"]
[WhiteElo "1607"]
[BlackElo "1662"]
[Opening "French: exchange variation"]
[ECO "C01"]
[Time "12:02:04"]
[TimeControl "2700+45"]

1. e4 e6 2. d4 d5 3. exd5 exd5 4. Bf4 Nf6 5. Nc3 c6 6. Nf3 Be7 7. Bd3 Bg4 8. h3
Bh5 9. g4 Bg6 10. Ne5 Bxd3 11. Qxd3 Nbd7 12. O-O-O Qa5 13. Kb1 b5 14. Nxc6 Qb6
15. Nxe7 Kxe7 16. Rhe1+ Kf8 17. Qxb5 Qxb5 18. Nxb5 a6 19. Nc7 Rc8 20. g5 Nh5 21.
Bd6+ Kg8 22. Nxd5 Ra8 23. Ne7+ Kf8 24. Ng6+ Kg8 25. Nxh8 Kxh8 26. Re7 Nb6 27.
Rde1 h6 28. Re8+ Rxe8 29. Rxe8+ Kh7 30. gxh6 Kxh6 31. Rb8 Nc4 32. b3 Nd2+ 33.
Kc1 Ne4 34. Rb6 f6 35. f3 Nc3 36. Rxa6 Ne2+ 37. Kb2 Nxd4 38. f4 Kg6 39. a4 Ng3
40. a5 Ngf5 41. c3 Nb5 42. Bc5 Nc7 43. Rc6 Nb5 44. a6 Kf7 45. c4 Nfd4 46. Rb6
Nc7 47. Bxd4 Na8 48. Rb7+ Kg6 49. c5 Kf5 50. c6 Kxf4 51. c7 Nxc7 52. Rxc7 Ke4
53. Rxg7 Kxd4 54. a7 f5 55. a8=Q f4 56. Qf3 Ke5 {Black resigns} 1-0